 Dungeon Crawl Stone Soup version 0.18-a0-1694-g9f731c2 (console) character file.

67 sorlin the Sneak (level 3, 0/14 HPs)
             Began as a Felid Conjurer on Apr 6, 2016.
             Slain by agentgt's ghost (11 damage)
             ... on level 3 of the Dungeon.
             The game lasted 00:05:51 (3407 turns).

sorlin the Sneak (Felid Conjurer)                   Turns: 3407, Time: 00:05:51

Health: 0/14       AC:  1    Str:  4    XL:     3   Next: 98%
Magic:  4/7        EV: 18    Int: 17    God:
Gold:   90         SH:  0    Dex: 16    Spells: 3 memorised, 0 levels left
                                        Lives:  0   Deaths: 0

rFire  . . .     SeeInvis +     (weapon unavailable)
rCold  . . .     Gourm    .     (armour unavailable)
rNeg   . . .     Faith    .     (shield unavailable)
rPois  .         Spirit   .     (helmet unavailable)
rElec  .         Dismiss  .     (cloak unavailable)
rCorr  +         Reflect  .     (gloves unavailable)
SustAt .         Harm     .     (boots unavailable)
MR     .....                    (no amulet)
Stlth  ++++......               (no ring)
                                e - ring of resist corrosion

@: quick, not resistant to hostile enchantments, stealthy
A: no armour, no weapons or thrown items, claws 1, fangs 3, see invisible,
carnivore 3, speed 1, shaggy fur 1, slow metabolism 1, sharp paws
a: no special abilities


You were on level 3 of the Dungeon.
You were completely stuffed.

You visited 1 branch of the dungeon, and saw 3 of its levels.

You collected 90 gold pieces.


Innate Abilities, Weirdness & Mutations

You cannot wear armour.
You are incapable of wielding weapons or throwing items.
You have sharp claws.
You have razor-sharp teeth.
You have supernaturally acute eyesight.
You are carnivorous and can eat meat at any time.
You cover ground quickly.
You are covered in fur (AC +1).
You have a slow metabolism.
Your sharp claws are effective at attacking unaware monsters.


   Skills:
 - Level 2.6 Dodging
 + Level 4.6 Stealth
 - Level 2.0 Spellcasting
 + Level 4.3 Conjurations
 + Level 1.1 Hexes


You couldn't memorise any spells.
You knew the following spells:

 Your Spells              Type           Power        Failure   Level  Hunger
a - Magic Dart            Conj           ###.         3%          1    #......
d - Dazzling Spray        Conj/Hex       ##......     21%         3    ###....
s - Searing Ray           Conj           ###...       6%          2    ###....

Inventory:

Jewellery
 e - a ring of resist corrosion (left paw)
Scrolls
 c - 3 scrolls of identify {unknown}
 d - 2 scrolls of enchant armour {unknown}
 f - a scroll of remove curse {unknown}
 g - a scroll of enchant weapon {unknown}
 j - a scroll of immolation {unknown}
 n - a scroll of fog {unknown}
 p - a scroll of magic mapping {unknown}
 q - a scroll of recharging {unknown}
 r - a scroll of teleportation {unknown}
Potions
 h - 2 potions of berserk rage {unknown}
 i - a potion of resistance {unknown}
 k - 2 potions of agility {unknown}
 l - 2 potions of lignification {unknown}
 m - a potion of magic {unknown}
 o - a potion of flight {unknown}
Books
 a - a book of Conjurations

   Spells                             Type                      Level
   a - Magic Dart                     Conjuration                  1
   b - Searing Ray                    Conjuration                  2
   c - Dazzling Spray                 Conjuration/Hexes            3
   d - Fulminant Prism                Conjuration/Hexes            4
   e - Iskenderun's Mystic Blast      Conjuration                  4
   f - Iskenderun's Battlesphere      Conjuration/Charms           5
Comestibles
 b - 2 meat rations {!e}


Message History

An orc is nearby!
Aiming: Magic Dart
Aim: an orc (resting)
The magic dart hits the orc.
The orc is severely wounded.
The orc shouts!
Aiming: Magic Dart
Aim: an orc (severely wounded)
The magic dart hits the orc.
You kill the orc!
Your Hexes skill increases to level 1!
An orc comes into view. It is wielding a flail.
Aiming: Magic Dart
Aim: an orc, wielding a flail (hasn't noticed you)
You miscast Magic Dart.
You are very lightly contaminated with residual magic.
Your skin tingles.
The orc shouts!
Aiming: Magic Dart
Aim: an orc, wielding a flail The magic dart hits the orc.
The orc is heavily wounded.
An orc comes into view.
Aiming: Magic Dart
Aim: an orc, wielding a flail (heavily wounded)
The magic dart hits the orc.
The orc is almost dead.
Agentgt's ghost (weakling Centaur Chaos Knight) comes into view.
Aiming: Magic Dart
Aim: an orc, wielding a flail (almost dead)
The magic dart hits the orc.
You kill the orc!
The orc throws a tomahawk.
The tomahawk misses you.
Okay, then.
You see here a tomahawk.
Here: agentgt's ghost A flail.
There is something else lying underneath.
The floor, spattered with blood.
You see here 19 stones.
Your magical contamination has completely faded away.
The orc throws a tomahawk.
The tomahawk barely misses you.
You see here a tomahawk.
The orc throws a tomahawk.
The tomahawk hits you.
You see here a tomahawk.
You take 3 damage.
Agentgt's ghost wails, "You must not fail where I succeeded!"
Agentgt's ghost hits you!
Ouch! That really hurt!
You die...

#...▓.......▓..# ######
#..▓▓▓▓▓▓▓▓▓▓▓.#
#....####..............##
..............#####.#...###
####..##..###..# #....#...#
#..#........# #.#....#.#
#..#..###...# #.#(####.#
#..#†.###...# #.#.# #W#
#..#.##.....# #.#.# #.#
####....##.....###.#.# #.#
.......<........@..#.# #.#
###.....##.......W.#.# #.#
#...#.##.....###.#(####.####
.(.................(..o......#
###............###.#.####.##.#
##.###.#####.# #...# #(##.##
#. #.# .# ###.# #.##..# # #.#
.# .........##.# # ..
...##.##o##.# ..... ..#.. .▓▓
#)##.#


You could see agentgt's ghost.

Vanquished Creatures
  An adder (D:2)
  An ooze (D:1)
  A dart slug (D:1)
  3 giant geckos (D:1)
  3 orcs (D:3)
  2 ball pythons (D:1)
  2 giant cockroaches
  7 goblins
  3 hobgoblins
  A jackal (D:2)
  4 bats
  5 giant newts
  8 kobolds
  5 rats
46 creatures vanquished.

Vanquished Creatures (others)
  3 jackals (D:1)
3 creatures vanquished.

Grand Total: 49 creatures vanquished

Notes
Turn   | Place    | Note
--------------------------------------------------------------
     0 | D:1      | sorlin the Felid Conjurer began the quest for the Orb.
     0 | D:1      | Reached XP level 1. HP: 7/7 MP: 4/4
   151 | D:1      | Reached skill level 3 in Stealth
   404 | D:1      | Reached XP level 2. HP: 11/11 MP: 0/6
   517 | D:1      | Learned a level 2 spell: Searing Ray
   951 | D:1      | Reached skill level 4 in Conjurations
  1358 | D:1      | Reached XP level 3. HP: 14/14 MP: 0/7
  1363 | D:1      | Learned a level 3 spell: Dazzling Spray
  1796 | D:2      | Reached skill level 4 in Stealth
  2798 | D:2      | Found a snail-covered altar of Cheibriados.
  3333 | D:3      | Found an oddly glowing altar of Pakellas.
  3370 | D:3      | Reached skill level 1 in Hexes
  3381 | D:3      | Noticed agentgt's ghost (weakling CeCK)
  3407 | D:3      | Slain by agentgt's ghost

Vault maps used:
D:1:      dpeg_arrival_pits, moated_statue, serial_bayou_pond_a,
          roderic_greek_sauvastika, minivault_4, lemuel_old_faithful
D:2:      cheibriados_altar_1
D:3:      grunt_temple_overflow_opulence, lemuel_crystal_altar,
          grunt_pakellas_basics, old_standard_altar

Action                   || total
-------------------------++-------
Melee: Unarmed           ||     8
 Cast: Magic Dart        ||    92
  Eat: Chunk             ||    13
